 Dungeon Crawl Stone Soup version 0.31-a0-1576-ga3383bade6 (webtiles) character file.

Game seed: 2993737040603801104

867 wingedge the Trooper (level 7, -1/61 HPs)
             Began as a Demigod Enchanter on Jan 5, 2024.
             Shot with an arrow by a centaur (8 damage)
             ... on level 6 of the Dungeon.
             The game lasted 00:18:54 (4987 turns).

wingedge the Trooper (Demigod Enchanter)            Turns: 4987, Time: 00:18:54

Health: -1/61      AC:  4    Str: 13    XL:     7   Next: 44%
Magic:  0/13       EV:  2    Int: 21    God:
Gold:   238        SH:  0    Dex: -6 (14) Spells: 8/10 levels left

rFire   x . .        a - +1 whip (elec)
rCold   + . .        (no shield)
rNeg    . . .        g - +0 leather armour
rPois   .            h - +0 hat
rElec   .            m - +0 cloak
rCorr   +            (no gloves)
SInv    .            (no boots)
Will    .....        i - amulet of guardian spirit Stlth
                     n - ring of resist corrosion
HPRegen 0.30/turn    B - ring of ice
MPRegen 0.13/turn

%: guardian spirit
@: slowed, lost dexterity, very slow
A: high MP 1, forlorn, divine attributes
a: no special abilities


You were on level 6 of the Dungeon.
You visited 1 branch of the dungeon, and saw 6 of its levels.

You collected 238 gold pieces.

Inventory:

Hand Weapons
 a - a +1 whip of electrocution (weapon)
 b - a +2 dagger of venom
 p - a +0 war axe
 v - a +0 heavy rapier
 z - a +1 dagger
Missiles
 D - a throwing net
 E - 6 poisoned darts
 F - 3 javelins
Armour
 g - a +0 leather armour (worn)
 h - a +0 hat (worn)
 j - a +0 ring mail
 m - a +0 cloak (worn)
 s - a +0 robe
 t - a +0 plate armour
Magical Staves
 d - a staff of conjuration
Jewellery
 i - an amulet of guardian spirit (around neck)
 n - a ring of resist corrosion (left hand)
 B - a ring of ice (right hand)
Wands
 C - a wand of flame (3)
Scrolls
 o - 2 scrolls of fog
 y - a scroll of summoning {unknown}
 A - 3 scrolls of poison
 G - a scroll of fear {unknown}
 I - 2 scrolls of revelation {unknown}
Potions
 c - a potion of invisibility
 k - a potion of heal wounds
 q - 3 potions of curing
 x - a potion of resistance


   Skills:
 + Level 5.5 Fighting
 - Level 2.0 Short Blades
 - Level 3.0 Maces & Flails
 - Level 2.0 Armour
 - Level 2.0 Dodging
 - Level 3.0 Stealth
 - Level 2.0 Spellcasting
 - Level 3.0 Hexes
 - Level 2.0 Ice Magic
 - Level 1.0 Evocations


You had 8 spell levels left.
You knew the following spells:

 Your Spells              Type           Power      Damage    Failure   Level
a - Ensorcelled Hibernat  Hex/Ice        36%        N/A       10%         2

Your spell library contained the following spells:

 Spells                   Type           Power      Damage    Failure   Level
 Confusing Touch          Hex            14%        N/A       16%         3
 Tukima's Dance           Hex            14%        N/A       16%         3
 Kiss of Death            Conj/Necr      8%         2d6       19%         1
 Dazzling Flash           Conj/Hex       16%        N/A       30%         3
 Hailstorm                Conj/Ice       9%         3d6       36%         3
 Summon Ice Beast         Ice/Summ       9%         N/A       36%         3
 Gell's Gravitas          Tloc           2%         N/A       50%         3
 Teleport Other           Tloc           2%         N/A       50%         3
 Dispel Undead            Necr           2%         3d7       88%         4
 Dispersal                Tloc           1%         N/A       100%        6
 Sculpt Simulacrum        Ice/Alch       4%         N/A       100%        6


Dungeon Overview and Level Annotations

Branches:
Dungeon (6/15)             Temple (0/1) D:5


Innate Abilities, Weirdness & Mutations

You have an increased reservoir of magic. (+10% MP)
You shall have no god before yourself.
Your divine heritage dramatically boosts your attributes as you level up.


Message History

Grinder hits you.
* * * LOW HITPOINT WARNING * * *
You writhe in agony.
* * * LOW HITPOINT WARNING * * *
You whack Grinder!
Grinder is almost dead.
Grinder gestures at you. Pain shoots through your body!
* * * LOW HITPOINT WARNING * * *
You barely miss Grinder.
Grinder is severely wounded.
Grinder hits you.
* * * LOW HITPOINT WARNING * * *
You barely miss Grinder.
Grinder is severely wounded.
Grinder gestures at you. Pain shoots through your body!
* * * LOW HITPOINT WARNING * * *
You whack Grinder!
You kill Grinder!
Your extra speed is starting to run out.
You feel your dexterity returning.
Training target 5.0 for Fighting reached!
Your Fighting skill increases to level 5!
You need to enable at least one skill for training.
You start resting.
You feel a little less mighty now.
You feel yourself slow down.
You feel a little less clever now.
You start to feel less resistant.
Your resistance to elements expires.
A centaur comes into view.
The centaur shouts!
The centaur wields a +0 orcbow.
The centaur shoots an arrow.
The arrow hits you!
* * * LOW HITPOINT WARNING * * *
The centaur shoots an arrow.
The arrow hits you.
* * * LOW HITPOINT WARNING * * *
The centaur shoots an arrow.
The arrow hits you!
You die...

.## ..# .......# .^..
#.# #...#..# # #..#
#.## #..##..# .###
#..# #..# #..##..##...
##..###..###...#..#..#
#.........###.......#
#.##.<.#...........##
##......###...!>.###
##....## ##@......#
#...## ##...##....
....## ##....#.....
####.. #.........##
#..# #.........##
##.#..........##
...c.........#
...##........# ..#
###......#


You could see a centaur.

Vanquished Creatures
  Grinder (D:6)
  3 scorpions
  3 quasits (D:5)
  3 jellies (D:5)
  An orc priest (D:3)
  An iguana (D:6)
  2 orc wizards (D:3)
  2 adders
  5 shadow imps (D:5)
  4 white imps (D:5)
  7 ufetubi (D:5)
  2 ribbon worms
  10 orcs
  5 ball pythons
  4 bats
  5 endoplasms
  6 giant cockroaches
  5 goblins
  4 hobgoblins
  6 kobolds
  2 quokkas
  4 frilled lizards
  8 rats
93 creatures vanquished.

Notes
Turn   | Place    | Note
-------+----------+-------------------------------------------
     0 | D:1      | wingedge the Demigod Enchanter began the quest for the Orb.
     0 | D:1      | Reached XP level 1. HP: 14/14 MP: 5/5
    78 | D:1      | Reached skill level 1 in Short Blades
   238 | D:1      | Reached XP level 2. HP: 17/20 MP: 7/7
   241 | D:1      | Learned a level 2 spell: Ensorcelled Hibernation
  1308 | D:2      | Reached skill level 1 in Ice Magic
  1559 | D:2      | Reached skill level 1 in Fighting
  1559 | D:2      | Reached XP level 3. HP: 17/28 MP: 4/8
  1854 | D:3      | Reached skill level 1 in Maces & Flails
  2125 | D:3      | Reached skill level 2 in Fighting
  2125 | D:3      | Reached XP level 4. HP: 35/36 MP: 1/9
  2847 | D:3      | Reached skill level 3 in Fighting
  2847 | D:3      | Reached XP level 5. HP: 44/45 MP: 4/10
  3322 | D:4      | Reached skill level 4 in Fighting
  3815 | D:5      | Entered Level 5 of the Dungeon
  3835 | D:5      | Reached XP level 6. HP: 52/52 MP: 11/11
  3895 | D:5      | Reached skill level 1 in Evocations
  3980 | D:5      | Reached skill level 1 in Armour
  4215 | D:5      | Found a staircase to the Ecumenical Temple.
  4513 | D:5      | Reached XP level 7. HP: 59/59 MP: 13/13
  4595 | D:5      | Lost dexterity.
  4933 | D:6      | Noticed Grinder
  4945 | D:6      | Paralysed by Grinder for 2 turns
  4951 | D:6      | Killed Grinder
  4952 | D:6      | Reached skill level 5 in Fighting
  4987 | D:6      | Shot with an arrow by a centaur

Illustrated notes

Levels and vault maps discovered:
D:1:      dpeg_arrival_tiny_d, layout_basic
D:2:      layout_loops_cross, basic_altar
D:3:      layout_basic
D:4:      layout_rooms
D:5:      layout_basic, mainiacjoe_overflow_tiny_flanked,
          minmay_temple_entry_arrows, serial_demonic, serial_demonic_g,
          serial_demonic_c, serial_demonic_a, serial_demonic_c,
          serial_demonic_g, serial_demonic_c, serial_demonic_a,
          serial_demonic_d, serial_demonic_f, serial_demonic_d
D:6:      layout_layer_cave, uniq_grinder

Skill      XL: |  1  2  3  4  5  6  7 |
---------------+----------------------+-----
Short Blades   | 1 2 |  2.0
Dodging        | 2 |  2.0
Spellcasting   | 2 |  2.0
Stealth        | 3 |  3.0
Hexes          | 3 |  3.0
Ice Magic      | 1 2 |  2.0
Fighting       | 1 2 3 4 5 |  5.5
Maces & Flails | 1 2 3 |  3.0
Evocations     | 1 |  1.0
Armour         | 2 |  2.0

Action                     |  1- 3 |  4- 6 |  7- 9 || total
---------------------------+-------+-------+-------++-------
  Melee: Dagger            |    85 |    59 |     4 ||   148
         Whip              |    21 |   103 |    88 ||   212
         Punch             |       |     1 |       ||     1
  Throw: Throwing net      |     2 |       |       ||     2
         Javelin           |       |     1 |     2 ||     3
   Cast: Ensorcelled Hiber |    11 |    12 |     1 ||    24
  Evoke: Wand              |       |    15 |     4 ||    19
    Use: Potion            |     1 |       |     5 ||     6
         Scroll            |       |     2 |     7 ||     9
   Stab: Sleeping          |    14 |    11 |       ||    25
         Distracted        |       |     1 |       ||     1
 Armour: Robe              |    44 |       |       ||    44
         Leather armour    |     3 |   123 |   341 ||   467
  Dodge: Dodged            |    60 |   145 |    94 ||   299

Table legend: (Time is in decaauts)
 A = Elapsed time spent in this place.
 B = Non-inter-level travel time spent in this place.
 C = Inter-level travel time spent in this place.
 D = Time resting spent in this place.
 E = Time spent auto-exploring this place.
 F = Levels seen in this place.
 G = Mean time per level.
                   A        B        C        D        E       F      G
               +--------+--------+--------+--------+--------+-----+--------+
         Total |   5136 |   4851 |    285 |    840 |   2794 |   6 |  856.0 |
       Dungeon |   5136 |   4851 |    285 |    840 |   2794 |   6 |  856.0 |
               +--------+--------+--------+--------+--------+-----+--------+

Top non-repeatable levels by time:
     D:5: 1183 daAuts
     D:1: 1114 daAuts
     D:3: 1050 daAuts
     D:4: 852 daAuts
     D:2: 844 daAuts
     D:6: 89 daAuts
